 Dungeon Crawl Stone Soup version 0.29.1-2-gbd0b4ee654 (webtiles) character file.

Game seed: 8372284026022640990

186 Gabide the Trooper (level 5, -4/34 HPs)
             Began as a Gargoyle Monk on Oct 27, 2022.
             Killed by divine providence
             ... invoked by an orc priest
              (11 damage)
             ... on level 3 of the Dungeon.
             The game lasted 00:04:09 (3415 turns).

Gabide the Trooper (Gargoyle Monk)                  Turns: 3415, Time: 00:04:10

Health: -4/34      AC:  8    Str: 17    XL:     5   Next: 66%
Magic:  5/5        EV: 13    Int: 10    God:
Gold:   141        SH:  0    Dex: 12    Spells: 4/4 levels left

rFire   . . .      SeeInvis .   p - +0 flail
rCold   . . .      Faith    +   (no shield)
rNeg    + . .      Spirit   .   b - +0 robe
rPois   ∞          Reflect  .   q - +0 helmet
rElec   +          Harm     .   e - +0 cloak
rCorr   .          Rampage  .   (no gloves)
Will    .....                   (no boots)
Stlth   ++........              n - amulet of faith
HPRegen 0.11/turn               (no ring)
MPRegen 0.09/turn               (no ring)

@: no status effects
A: sickness immunity, AC +4, negative energy resistance 1, electricity
resistance, torment resistance 1, petrification resistance
a: no special abilities


You were on level 3 of the Dungeon.
You visited 1 branch of the dungeon, and saw 3 of its levels.

You collected 141 gold pieces.

Inventory:

Hand Weapons
 p - a +0 flail (weapon)
Missiles
 d - 8 poisoned darts (quivered)
Armour
 b - a +0 robe (worn)
 e - a +0 cloak (worn)
 q - a +0 helmet (worn)
Jewellery
 n - an amulet of faith (around neck)
Scrolls
 a - a scroll of blinking {unknown}
 c - a scroll of vulnerability
 f - a scroll of butterflies {unknown}
 j - a scroll of torment {unknown}
 k - a scroll of teleportation
 o - a scroll of noise {unknown}
Potions
 g - 3 potions of mutation
 h - 2 potions of heal wounds
 i - 2 potions of lignification
 l - a potion of cancellation {unknown}
 m - a potion of curing {unknown}


   Skills:
 + Level 4.7 Fighting
 + Level 4.3 Maces & Flails
 + Level 3.5 Dodging
 - Level 2.1 Stealth


You had 4 spell levels left.
You didn't know any spells.
Your spell library contained the following spells:

 Spells                   Type           Power      Damage    Failure   Level
 Gell's Gravitas          Tloc           0%         N/A       75%         3
 Lesser Beckoning         Tloc           0%         N/A       75%         3
 Teleport Other           Tloc           0%         N/A       75%         3


Dungeon Overview and Level Annotations

Branches:
Dungeon (3/15)

Altars:


Innate Abilities, Weirdness & Mutations

You are immune to sickness and miasma.
Your stone body is resilient. (AC +4)
You are immune to poison.
You resist negative energy. (rN+)
You are resistant to electric shocks. (rElec)
You are resistant to unholy torment.
You are immune to petrification.


Message History

An orc comes into view. It is wielding a +0 dagger.
An orc is nearby!
An orc is nearby!
The orc shouts!
You hear a shout!
An orc comes into view.
It is wielding a +2 short sword of venom. 2 orc priests come into view.
The orc closely misses you. The orc barely misses you.
You barely miss the orc.
The orc hits you with a +2 short sword of venom!
The orc hits you but does no damage. x3
You sock the orc!
You kill the orc!
You closely miss the orc priest.
The orc hits you with a +2 short sword of venom.
The orc priest invokes the aid of Beogh against you.
Pain shoots through your body!
You barely miss the orc priest. The orc barely misses you.
The orc priest hits you with a +0 short sword.
You closely miss the orc priest. The orc barely misses you.
The orc priest looks braver for a moment.
You sock the orc priest!
The orc priest is severely wounded.
The orc misses you. The orc priest closely misses you.
You closely miss the orc priest.
The orc priest is severely wounded.
The orc closely misses you.
The orc priest hits you with a +0 short sword.
The orc priest barely misses you.
The orc priest calls down the wrath of Beogh upon you.
Beogh smites you!
* * * LOW HITPOINT WARNING * * *
The orc misses you.
Unknown command.
You thump the orc priest!
You kill the orc priest!
The orc hits you with a +2 short sword of venom.
* * * LOW HITPOINT WARNING * * *
The orc priest calls down the wrath of Beogh upon you.
Beogh smites you!
You die...

##.#.###### #..## ##
####...).....#####...####.
+.................).....'.
####....####.#####...####.
#..#.# #.# #..## ## #.##..
#.# #.### # #. ##. #.#
#...# #.###.###.# ###.#
#....o@...# #.#
#####)##### #.##### #o
#.#.... #. #.#.### ..
#.#.# # ## #.#.# # #.#.###
#...... ###.###


You could see an orc priest and an orc.

Vanquished Creatures
  An orc priest (D:3)
  8 gnolls
  An adder (D:2)
  4 worms (D:2)
  5 dart slugs
  An orc (D:3)
  9 endoplasms
  2 giant cockroaches
  4 goblins
  5 hobgoblins
  5 jackals
  8 kobolds
  3 quokkas (D:2)
  4 ball pythons
  9 bats
  3 frilled lizards
  6 rats
78 creatures vanquished.

Notes
Turn   | Place    | Note
-------+----------+-------------------------------------------
     0 | D:1      | Gabide the Gargoyle Monk began the quest for the Orb.
     0 | D:1      | Reached XP level 1. HP: 14/14 MP: 1/1
   400 | D:1      | Reached XP level 2. HP: 19/19 MP: 2/2
  1044 | D:1      | Reached XP level 3. HP: 24/24 MP: 3/3
  1982 | D:2      | Found a faded altar of an unknown god.
  2024 | D:2      | Reached XP level 4. HP: 23/29 MP: 4/4
  2499 | D:2      | Reached XP level 5. HP: 31/34 MP: 5/5
  3415 | D:3      | Killed from afar by an orc priest

Illustrated notes

Levels and vault maps discovered:
D:1:      dpeg_arrival_stone_temple_mockup, layout_loops_ring, hex_large,
          serial_bayou_pond_a, st_stairs_7
D:2:      minmay_chambers_of_twos, layout_loops_cross,
          hellmonk_ecumenical_altar_slurped_away, minmay_pentomino_pile
D:3:      layout_loops_corners

Skill      XL: |  1  2  3  4 |
---------------+-------------+-----
Fighting       | 4 |  4.7
Dodging        | 3 |  3.5
Maces & Flails | 4 |  4.3
Stealth        | |  2.1

Action                   |  1- 3 |  4- 6 || total
-------------------------+-------+-------++-------
Melee: Mace              |   139 |    22 ||   161
       Punch             |     1 |       ||     1
       Flail             |       |    76 ||    76
Throw: Dart              |     9 |    12 ||    21
  Use: Scroll            |       |     5 ||     5
       Potion            |       |     1 ||     1
 Stab: Sleeping          |     4 |       ||     4
       Distracted        |       |     1 ||     1
Armor: Robe              |    58 |    58 ||   116
Dodge: Dodged            |   104 |   121 ||   225
